 Dungeon Crawl Stone Soup version 0.23.1 (webtiles) character file.

Game seed: 15857036636969160964

730 Revguard the Slasher (level 7, 0/52 HPs)
             Began as a Merfolk Gladiator on Mar 3, 2019.
             Was an Initiate of Ashenzari.
             Slain by Pikel
             ... wielding a +1 whip of freezing
              (2 damage)
             ... on level 5 of the Dungeon.
             The game lasted 00:17:56 (4100 turns).

Revguard the Slasher (Merfolk Gladiator)            Turns: 4100, Time: 00:17:59

Health: 0/52       AC: 11    Str: 20    XL:     7   Next: 73%
Magic:  7/7        EV: 19    Int:  8    God:    Ashenzari [......]
Gold:   97         SH:  0    Dex: 21    Spells: 6/6 levels left

rFire    . . .     SeeInvis .   t - +0 falchion (protect) (curse)
rCold    . . .     Gourm    .   (no shield)
rNeg     . . .     Faith    .   l - +3 leather armour (curse)
rPois    .         Spirit   .   c - +1 helmet
rElec    .         Reflect  .   (no cloak)
rCorr    .         Harm     .   r - +2 pair of gloves {Dex+3} (curse)
MR       .....                  (no boots)
Stlth    ++++......             (no amulet)
HPRegen  0.17/turn              k - ring of stealth (curse)
MPRegen  0.10/turn              (no ring)

@: mighty
A: change form in water, swift swim, stealthy swim, repulsion field 1, thin
skeletal structure 1
a: Curse Item, Renounce Religion


You were on level 5 of the Dungeon.
You worshipped Ashenzari.
Ashenzari was noncommittal.
You were very hungry.

You visited 2 branches of the dungeon, and saw 6 of its levels.

You collected 307 gold pieces.
You spent 210 gold pieces at shops.

Inventory:

Hand Weapons
 t - a cursed +0 falchion of protection (weapon)
Missiles
 d - 3 throwing nets (quivered)
Armour
 c - a +1 helmet (worn)
 l - a cursed +3 leather armour (worn)
 r - a cursed +2 pair of gloves of dexterity (worn)
Jewellery
 k - a cursed ring of stealth (left hand)
Wands
 e - a wand of iceblast (2)
Scrolls
 i - 4 scrolls of teleportation
 p - a scroll of amnesia
Potions
 g - a potion of invisibility
 s - 3 potions of degeneration
Comestibles
 f - 10 rations


   Skills:
 + Level 3.5 Fighting
 + Level 6.5 Long Blades
 - Level 2.0 Throwing
 + Level 2.0 Armour
 + Level 6.2 Dodging
 + Level 3.6 Stealth


You had 6 spell levels left.
You didn't know any spells.
Your spell library contained the following spells:

 Spells                   Type           Power        Failure   Level  Hunger
 Leda's Liquefaction      Hex/Erth       #.........   99%         4    #####..
 Bolt of Magma            Conj/Fire/Erth #.........   100%        5    ######.
 Iron Shot                Conj/Erth      #.........   100%        6    #######
 Statue Form              Tmut/Erth      #........    100%        6    #######
 Shatter                  Erth           #.........   100%        9    #######


Dungeon Overview and Level Annotations

Branches:
Dungeon (5/15)             Temple (1/1) D:5

Altars:
Ashenzari
Dithmenos
Elyvilon
Fedhas
Gozag
Hepliaklqana
Kikubaaqudgha
Makhleb
Nemelex Xobeh
Qazlal
Sif Muna
Trog
Uskayaw
Vehumet
Xom
Zin
The Shining One

Shops:
D:4 =!(

Annotations:
D:5 Pikel


Innate Abilities, Weirdness & Mutations

You revert to your normal form in water You are very nimble and swift while swimming.
You are very stealthy in the water. (Stealth+)
You are surrounded by a mild repulsion field. (EV +2)
You have a somewhat thin skeletal structure. (Dex +2, Stealth)


Message History

Pikel is heavily wounded.
Pikel closely misses you.
You riposte.
You barely miss Pikel.
Pikel is heavily wounded.
Pikel hits you but does no damage.
You closely miss Pikel.
Pikel is heavily wounded.
Pikel hits you but does no damage.
You feel very mighty all of a sudden.
Pikel hits you with a +1 whip of freezing.
* * * LOW HITPOINT WARNING * * *
Pikel freezes you.
* * * LOW HITPOINT WARNING * * *
Pikel misses you.
You closely miss Pikel.
Pikel is heavily wounded.
Pikel is no longer moving quickly.
Pikel hits you with a +1 whip of freezing!
* * * LOW HITPOINT WARNING * * *
Pikel freezes you.
You die...

######## #.......
######### #.######
#.#.....# #.# #.#.....#
#.# ##.#.....###.##
..#..>..'....#####
#.#.....#..#......
#@#.....##...####.
#K#[....###.## #.
#p###'### #.# #.
###.#pp##.# #.# #.
.......p....# #>#####.
#####..#.########.......
#.###..........####. ##
#########.####. #.#....


You could see Pikel and 4 slaves.

Vanquished Creatures
  A necrophage (D:5)
  2 phantoms (D:4)
  A crimson imp (D:5)
  An orc priest (D:3)
  An orc wizard (D:4)
  3 iguanas
  4 worker ants (D:4)
  A hound skeleton (D:5)
  8 adders
  An ooze (D:3)
  A worm (D:2)
  4 dart slugs
  6 leopard geckos
  13 orcs
  4 ball pythons
  7 giant cockroaches
  10 goblins
  7 hobgoblins
  7 kobolds
  2 quokkas
  8 bats
  3 frilled lizards
  10 rats
105 creatures vanquished.

Vanquished Creatures (others)
  An adder skeleton (D:5)
1 creature vanquished.

Grand Total: 106 creatures vanquished

Notes
Turn   | Place    | Note
-------+----------+-------------------------------------------
     0 | D:1      | Revguard the Merfolk Gladiator began the quest for the Orb.
     0 | D:1      | Reached XP level 1. HP: 16/16 MP: 1/1
    68 | D:1      | Reached XP level 2. HP: 21/22 MP: 2/2
   370 | D:1      | Reached XP level 3. HP: 25/28 MP: 3/3
  1192 | D:2      | Reached XP level 4. HP: 20/34 MP: 4/4
  1246 | D:2      | Reached skill level 1 in Stealth
  1438 | D:2      | Reached skill level 5 in Dodging
  1591 | D:2      | Found a white marble altar of Elyvilon.
  1902 | D:3      | Reached XP level 5. HP: 35/39 MP: 5/5
  2125 | D:3      | Found a sparkling altar of Nemelex Xobeh.
  2517 | D:4      | Found Laguasao's Jewellery Emporium.
  2521 | D:4      | Bought an uncursed ring of stealth for 210 gold pieces
  2531 | D:4      | Reached skill level 5 in Long Blades
  2531 | D:4      | Reached skill level 1 in Armour
  2672 | D:4      | Noticed a phantom
  2705 | D:4      | Reached XP level 6. HP: 38/46 MP: 6/6
  2739 | D:4      | Killed a phantom
  2801 | D:4      | Found Jacep's Distillery.
  2893 | D:4      | Noticed a phantom
  2900 | D:4      | Found Vetz's Weapon Shop.
  2959 | D:4      | Killed a phantom
  2959 | D:4      | Reached XP level 7. HP: 24/52 MP: 7/7
  3153 | D:4      | Found a deep blue altar of Sif Muna.
  3519 | D:5      | Entered Level 5 of the Dungeon
  3531 | D:5      | Found a sparkling altar of Nemelex Xobeh.
  3861 | D:5      | Found a staircase to the Ecumenical Temple.
  3880 | Temple   | Entered the Ecumenical Temple
  4014 | Temple   | Became a worshipper of Ashenzari the Shackled
  4058 | D:5      | Noticed Pikel
  4087 | D:5      | Gained mutation: You have a somewhat thin skeletal
                  | structure. (Dex +2, Stealth) [potion of mutation]
  4087 | D:5      | Gained mutation: You are surrounded by a mild repulsion
                  | field. (EV +2) [potion of mutation]
  4100 | D:5      | HP: 2/52 [Pikel/+1 whip of freezing (9)]
  4100 | D:5      | Slain by Pikel

Skill      XL: |  1  2  3  4  5  6  7 |
---------------+----------------------+-----
Long Blades    | 4 5 6 |  6.5
Stealth        | 1 2 3 |  3.6
Dodging        | 5 6 |  6.2
Armour         | 1 2 |  2.0
Fighting       | 3 |  3.5
Throwing       | |  2.0

Action                   |  1- 3 |  4- 6 |  7- 9 || total
-------------------------+-------+-------+-------++-------
Melee: Long sword        |   103 |   189 |    19 ||   311
       Tailslap          |       |     5 |       ||     5
       Falchion          |       |       |   113 ||   113
Invok: Curse Item        |       |       |     4 ||     4
  Use: Scroll            |       |     9 |     2 ||    11
       Potion            |       |     3 |     3 ||     6
 Stab: Sleeping          |     3 |     6 |     3 ||    12
  Eat: Chunk             |       |     7 |     3 ||    10
Armor: Leather armour    |    37 |    59 |    99 ||   195
Dodge: Dodged            |   109 |   159 |   192 ||   460
       Rpst.: Long sword |    22 |    51 |     8 ||    81
       Falchion          |       |       |    41 ||    41
